AoeStats
← RIO1000

Arabia

507206496Analyzed
1v1 RM · 16d ago on Sep 17, 2026· 45m 35s· 2 players
Game mode
Random Map
Map size
Tiny (2 player)
Population
200
Speed
Normal
Resources
Standard
Victory
Conquest
Starting age
Dark Age
Ending age
Imperial Age
RankedLock teamsTeams togetherTeam positionsShared explorationLock speedFull tech treeHidden civsTurbo modeCheats
Victory
Defeat
🇲🇽 Magyars · Mexico
857
+17
🇦🇷 Byzantines · Argentina
872
-17
RIO1000
7:55 Loom
10:11 Feudal Age
10:35 Horse Collar
10:43 Double-Bit Axe
18:12 Gold Mining
20:38 Castle Age
21:15 Scale Barding Armor
21:34 Bow Saw
22:02 Wheelbarrow
21:54 Bloodlines
22:21 Heavy Plow
22:28 Stone Mining
25:30 Gold Shaft Mining
26:30 Hand Cart
34:42 Imperial Age
34:14 Chain Barding Armor
34:16 Husbandry
34:40 Town Watch
34:48 Cavalier
36:06 Plate Barding Armor
36:38 Paladin
39:14 Conscription
39:28 Fletching
41:24 Bodkin Arrow
43:10 Town Patrol
dr.reyolmosleonardo
0:31 Loom
12:24 Feudal Age
22:28 Castle Age
22:36 Double-Bit Axe
23:19 Forging
23:17 Scale Barding Armor
29:50 Bow Saw
33:11 Imperial Age
34:08 Iron Casting
33:54 Chain Barding Armor
33:45 Elite Cataphract
36:50 Wheelbarrow
36:30 Capped Ram
38:49 Hand Cart
41:11 Chemistry
39:58 Arrowslits
43:13 Pikeman
43:54 Squires
43:39 Arson
45:07 Plate Barding Armor
Connection lost

Rejoining the realm…

Still unreachable

The connection could not be restored.

Session expired

The server has moved on; the page needs a fresh start.